cohdb
Replays
Latest Replays
All Replays
Popular Replays
Top Player Replays
Match Explorer
How It Works
Community
CoH3 Stats
Reddit
Sign in to upload your games and track your stats! →
Sign in with Steam
Match 45360100
Unlisted
Match 45360100
Overview
Messages
Build Orders
End
Construct Weapon Support Center
Selects Special Operations Battlegroup
Selects M29 Weasel Recon Vehicle
Engineer Squad
M29 Weasel Recon Vehicle
Construct Weapon Support Center
M1919 Machine Gun Team
Infantry Support Center
M1919 Machine Gun Team
M3 Armored Personnel Carrier
Selects Raiding Flares
Selects SSF Commando Squad
SSF Commando Squad
Raiding Flares
SSF Commando Squad
Construct Tank Depot
Selects Mark Vehicle
Mark Vehicle
Selects UNKNOWN (2162291)
M18 Hellcat Tank Destroyer
Mark Vehicle
Engineer Squad
M18 Hellcat Tank Destroyer
Raiding Flares
Selects Air Re-supply Operation
Raiding Flares
M4A1 Sherman Whizbang
Raiding Flares
M4A1 Sherman Whizbang
Engineer Squad
Raiding Flares
SSF Commando Squad
Engineer Squad
Raiding Flares
Raiding Flares
Mark Vehicle
BlackJackKing
LW | MUERTE
T.R. Olvadi
Makros
0
0
Comments
sign in to comment!
No comments posted yet!